 Dungeon Crawl Stone Soup version 0.26.0-41-g79a4fc7684 (webtiles) character file.

Game seed: 4369835272565444012

89 Gauvater the Firebug (level 4, -13/27 HPs)
             Began as an Octopode Fire Elementalist on Jan 26, 2021.
             Shot with an arrow by a centaur (16 damage)
             ... on level 6 of the Dungeon.
             The game lasted 00:06:29 (2605 turns).

Gauvater the Firebug (Octopode Fire Elementalist)   Turns: 2605, Time: 00:06:34

Health: -13/27     AC:  1    Str:  7    XL:     4   Next: 55%
Magic:  4/8        EV: 13    Int: 18    God:
Gold:   62         SH:  0    Dex: 12    Spells: 7/8 levels left

rFire    . . .     SeeInvis .   (no weapon)
rCold    . . .     Faith    .   (no shield)
rNeg     . . .     Spirit   .   (helmet restricted)
rPois    .         Reflect  .   (no amulet)
rElec    .         Harm     .   (no ring)
rCorr    .         Rampage  .   (no ring)
Will     .....                  (no ring)
Stlth    +++.......             (no ring)
HPRegen  0.09/turn              (no ring)
MPRegen  0.11/turn              (no ring)
                                (no ring)
                                (no ring)

@: no status effects
A: almost no armour, stealthy swim, amphibious, 8 rings, constrict 8, camouflage
1, gelatinous body 1
a: no special abilities


You were on level 6 of the Dungeon.
You visited 1 branch of the dungeon, and saw 4 of its levels.

You collected 62 gold pieces.

Inventory:

Hand Weapons
 h - a +0 hand axe
Missiles
 e - 83 stones
Jewellery
 b - an uncursed ring of wizardry {unknown}
Scrolls
 c - a scroll of fear {unknown}
 f - 4 scrolls of identify {unknown}
 g - a scroll of blinking {unknown}
 k - 2 scrolls of remove curse {unknown}
 l - a scroll of enchant armour {unknown}
 n - a scroll of enchant weapon {unknown}
 o - a scroll of noise {unknown}
Potions
 a - 2 potions of mutation {unknown}
 d - 2 potions of haste {unknown}
 i - a potion of magic {unknown}
 j - a potion of flight {unknown}
 m - 2 potions of cancellation {unknown}


   Skills:
 + Level 0.1 Fighting
 - Level 2.1 Dodging
 + Level 3.5 Stealth
 + Level 0.1 Unarmed Combat
 + Level 2.8 Spellcasting
 + Level 1.5 Conjurations
 + Level 3.9 Fire Magic


You had 7 spell levels left.
You knew the following spells:

 Your Spells              Type           Power        Failure   Level
a - Foxfire               Conj/Fire      48%          5%          1

Your spell library contained the following spells:

 Spells                   Type           Power        Failure   Level
 Conjure Flame            Conj/Fire      12%          16%         3
 Inner Flame              Hex/Fire       9%           22%         3
 Sticky Flame             Conj/Fire      12%          47%         4
 Fireball                 Conj/Fire      6%           83%         5


Dungeon Overview and Level Annotations

Branches:
Dungeon (3/15)

Altars:
Ru

Annotations:
D:2 1 runed translucent door, Crazy Yiuf


Innate Abilities, Weirdness & Mutations

You cannot wear most types of armour.
You are very stealthy in the water. (Stealth+)
You are amphibious.
You can wear up to eight rings at the same time.
You can use your tentacles to constrict eight enemies at once.
Your skin changes colour to match your surroundings (Stealth+).
Your rubbery body absorbs attacks. (AC +1, EV +1)


Message History

Confirm with . or Enter, or press ? or * to list all spells.
You conjure some foxfire!
The foxfire hits the centaur.
The centaur is moderately wounded.
The foxfire hits the centaur.
The centaur is severely wounded.
The foxfire hits the centaur.
The centaur is severely wounded.
The foxfire hits the centaur.
The centaur is almost dead.
The centaur shoots an arrow.
The arrow hits you!
* * * LOW HITPOINT WARNING * * *
Unknown command.
Casting: Foxfire (safe; 5% risk of failure)
Confirm with . or Enter, or press ? or * to list all spells.
You conjure some foxfire!
The centaur shoots an arrow.
The arrow barely misses you.
A centaur comes into view.
The centaur shoots an arrow.
The arrow hits you!
Ouch! That really hurt!
You die...

######
#......
##.......
#v§......
#@§......
#v..c....
.l.......
##......:.
##B......
c......
.......
.......


You could see 2 centaurs, an iguana and a worker ant.

Vanquished Creatures
  4 adders (D:2)
  2 oozes (D:1)
  A dart slug (D:1)
  A leopard gecko (D:1)
  4 giant cockroaches
  5 goblins
  4 hobgoblins
  5 jackals (D:1)
  A quokka (D:2)
  4 bats
  A frilled lizard (D:1)
  A kobold (D:2)
  10 rats
43 creatures vanquished.

Vanquished Creatures (others)
  97 foxfires
97 creatures vanquished.

Grand Total: 140 creatures vanquished

Notes
Turn   | Place    | Note
-------+----------+-------------------------------------------
     0 | D:1      | Gauvater the Octopode Fire Elementalist began the quest for
                  | the Orb.
     0 | D:1      | Reached XP level 1. HP: 11/11 MP: 3/3
   204 | D:1      | Reached XP level 2. HP: 15/17 MP: 0/5
   485 | D:1      | Reached XP level 3. HP: 14/21 MP: 1/6
  1393 | D:2      | Found a runed translucent door.
  1394 | D:2      | Noticed Crazy Yiuf
  1761 | D:2      | Found a sacrificial altar of Ru.
  1871 | D:2      | Reached XP level 4. HP: 27/27 MP: 5/7
  2599 | D:3      | You fall into a shaft and drop 3 floors!
  2600 | D:6      | Noticed a centaur
  2605 | D:6      | Noticed a centaur
  2605 | D:6      | Shot with an arrow by a centaur

Illustrated notes

Levels and vault maps discovered:
D:1:      dpeg_arrival_ratfight, layout_basic
D:2:      minmay_razor_zed, layout_loops_ring, overflow_temple_1_default,
          nicolae_ru_the_path_less_chosen, uniq_crazy_yiuf_cottage
D:3:      layout_rooms, led_sif_book, grunt_temple_overflow_diamond,
          chequers_ecumenical_altar_simple
D:6:      layout_rooms, serial_shops, shop, chequers_serial_rivers_micro_c,
          minmay_shop_enchanted_jewellery, uniq_edmund, uniq_blork_the_orc

Skill      XL: |  1 |
---------------+----+-----
Stealth        | 3 |  3.5
Fighting       | |  0.1
Dodging        | |  2.1
Unarmed Combat | |  0.1
Spellcasting   | |  2.8
Conjurations   | |  1.5
Fire Magic     | |  3.9

Action                   |  1- 3 |  4- 6 || total
-------------------------+-------+-------++-------
Melee: Unarmed           |    18 |     7 ||    25
       Constrict         |     6 |     3 ||     9
       Tentacles         |     4 |     1 ||     5
 Cast: Foxfire           |    36 |    23 ||    59
Armor: Skin              |     2 |       ||     2
Dodge: Dodged            |    16 |    12 ||    28
